AoeStats
← Iguano Pop

Black Forest

509262709Analyzed
3v3 RM · 6d ago on Sep 26, 2026· 51m 54s· 6 players
Game mode
Random Map
Map size
Normal (6 player)
Population
200
Speed
Normal
Resources
Standard
Victory
Conquest
Starting age
Dark Age
Ending age
Imperial Age
RankedLock teamsTeams togetherTeam positionsShared explorationLock speedFull tech treeHidden civsTurbo modeCheats
Victory
Defeat
🇲🇽 Britons · Mexico
1321
+13
🇦🇷 Spanish · Argentina
1308
+14
🇦🇺 Khitans · Australia
1181
+19
🇦🇷 Koreans · Argentina
1301
-17
🇨🇴 Khmer · Colombia
1298
-17
🇵🇪 Teutons · Peru
1170
-12
MZTK | John_Wick
0:31 Loom
15:08 Feudal Age
16:11 Town Watch
17:07 Double-Bit Axe
19:28 Castle Age
18:14 Scale Barding Armor
32:35 Fletching
36:35 Light Cavalry
37:26 Bloodlines
42:43 Wheelbarrow
44:21 Fortified Wall
Tame Alpaca
1:29 Loom
11:34 Feudal Age
12:45 Double-Bit Axe
17:02 Horse Collar
19:48 Castle Age
17:42 Gold Mining
19:37 Fletching
19:58 Forging
20:53 Bow Saw
21:00 Padded Archer Armor
23:22 Heavy Plow
24:30 Scale Barding Armor
24:41 Bloodlines
25:26 Iron Casting
25:50 Scale Mail Armor
26:29 Elite Skirmisher
28:20 Leather Archer Armor
30:21 Stone Mining
33:22 Bodkin Arrow
36:26 Imperial Age
36:33 Capped Ram
39:53 Blast Furnace
39:59 Chemistry
38:42 Cavalier
41:39 Wheelbarrow
41:38 Chain Barding Armor
43:26 Two-Man Saw
43:59 Masonry
44:43 Onager
46:26 Hoardings
45:17 Paladin
50:46 Pikeman
51:26 Squires
Matias_Aoe
3:50 Loom
10:14 Feudal Age
12:07 Double-Bit Axe
11:50 Man-at-Arms
12:26 Double-Bit Axe
16:37 Horse Collar
24:37 Castle Age
22:54 Gold Mining
23:22 Gold Mining
23:50 Scale Mail Armor
25:32 Bow Saw
24:52 Long Swordsman
28:52 Wheelbarrow
28:57 Gold Shaft Mining
28:47 Chain Mail Armor
29:07 Forging
31:25 Iron Casting
39:15 Imperial Age
39:33 Gold Shaft Mining
39:22 Hand Cart
40:27 Heavy Plow
40:26 Fletching
42:18 Chemistry
41:09 Elite Skirmisher
41:46 Bodkin Arrow
42:36 Thumb Ring
43:09 Pikeman
43:57 Bracer
44:45 Ballistics
45:21 Plate Mail Armor
45:32 Siege Engineers
45:26 Crossbowman
48:19 Halberdier
50:03 Squires
Iguano Pop
11:05 Feudal Age
14:46 Loom
14:47 Town Watch
16:46 Fletching
18:59 Wheelbarrow
21:49 Castle Age
20:07 Double-Bit Axe
29:08 Imperial Age
27:41 Bodkin Arrow
36:06 Bracer
36:10 Gold Mining
38:42 Conscription
38:24 Padded Archer Armor
41:01 Wheelbarrow
41:47 Leather Archer Armor
42:09 Hoardings
44:49 Horse Collar
45:01 Crossbowman
47:07 Elite Skirmisher
Agus Talleres 2
0:26 Loom
13:05 Feudal Age
16:53 Castle Age
15:47 Double-Bit Axe
16:59 Horse Collar
32:06 Imperial Age
31:14 Gold Mining
31:39 Bow Saw
31:58 Padded Archer Armor
33:02 Leather Archer Armor
39:39 Bloodlines
38:50 Cavalier
39:37 Scale Barding Armor
39:43 Forging
41:38 Chain Barding Armor
41:54 Iron Casting
44:57 Plate Barding Armor
45:23 Blast Furnace
46:40 Husbandry
47:25 Conscription
49:33 Heavy Plow
51:40 Two-Man Saw
51:38 Stone Mining
the black fella
6:08 Loom
13:39 Feudal Age
17:27 Castle Age
15:48 Double-Bit Axe
16:29 Domestication
18:17 Pastoralism
18:30 Bow Saw
23:27 Stone Mining
24:21 Gold Mining
26:16 Wheelbarrow
26:20 Fortified Wall
27:26 Hand Cart
28:12 Forging
28:02 Scale Mail Armor
29:37 Iron Casting
30:17 Squires
34:03 Imperial Age
31:48 Town Watch
32:35 Lamellar Armor
32:49 Arson
34:20 Chain Mail Armor
34:26 Masonry
34:56 Caravan
36:00 Two-Man Saw
35:34 Conscription
36:04 Plate Mail Armor
37:03 Transhumance
36:01 Elite Liao Dao
39:00 Siege Engineers
38:57 Fletching
39:56 Stone Shaft Mining
41:36 Coinage
41:38 Scale Barding Armor
41:30 Bodkin Arrow
41:38 Husbandry
42:27 Ordo Cavalry
41:48 Elite Steppe Lancer
43:17 Chain Barding Armor
43:37 Guilds
43:58 Banking
46:41 Heavy Camel Rider
48:17 Capped Ram
Connection lost

Rejoining the realm…

Still unreachable

The connection could not be restored.

Session expired

The server has moved on; the page needs a fresh start.